 Dungeon Crawl Stone Soup version 0.24.1-11-gbbbb2193e6 (webtiles) character file.

Game seed: 16170677862935331496, levelgen mode: deterministic

43 Descartes the Covered (level 3, -4/28 HPs)
             Began as a Demonspawn Wanderer on May 15, 2020.
             Slain by a worm (8 damage)
             ... on level 2 of the Dungeon.
             The game lasted 00:03:13 (1484 turns).

Descartes the Covered (Demonspawn Wanderer)         Turns: 1484, Time: 00:03:14

Health: -4/28      AC: 11    Str: 12    XL:     3   Next: 37%
Magic:  6/6        EV:  8    Int: 14    God:
Gold:   59         SH:  0    Dex: 12    Spells: 5/6 levels left

rFire    . . .     SeeInvis .   a - +0 dagger
rCold    . . .     Gourm    .   (no shield)
rNeg     . . .     Faith    .   d - +2 scale mail
rPois    .         Spirit   .   (no helmet)
rElec    .         Reflect  .   (no cloak)
rCorr    .         Harm     .   j - +1 pair of gloves
MR       .....                  (no boots)
Stlth    ..........             (no amulet)
HPRegen  0.09/turn              (no ring)
MPRegen  0.10/turn              (no ring)

@: no status effects
A: spiny 1
a: no special abilities


You were on level 2 of the Dungeon.
You were not hungry.

You visited 1 branch of the dungeon, and saw 2 of its levels.

You collected 59 gold pieces.

Inventory:

Hand Weapons
 a - a +0 dagger (weapon)
Missiles
 e - 62 stones (quivered)
 h - 37 bolts
 n - 23 sling bullets
 q - 2 boomerangs
Armour
 d - a +2 scale mail (worn)
 j - a +1 pair of gloves (worn)
Jewellery
 r - an uncursed ring of flight {unknown}
Scrolls
 b - a scroll of teleportation
 c - 2 scrolls of enchant armour
 i - a scroll of enchant weapon {unknown}
 k - a scroll of fear {unknown}
 l - a scroll of amnesia {unknown}
 p - 2 scrolls of remove curse
Potions
 m - 2 potions of agility
 o - a potion of heal wounds
 s - a potion of degeneration {unknown}
 t - a potion of berserk rage {unknown}
Comestibles
 f - 5 rations
 g - 5 chunks of flesh


   Skills:
 + Level 2.4 Fighting
 - Level 1.0 Throwing
 + Level 4.2 Armour
 - Level 0.1 Dodging
 - Level 1.0 Stealth
 - Level 2.0 Spellcasting
   Level 1.0 Conjurations


You had 5 spell levels left.
You knew the following spells:

 Your Spells              Type           Power        Failure   Level  Hunger
a - Corona                Hex            #......      73%         1    ##.....

Your spell library contained the following spells:

 Spells                   Type           Power        Failure   Level  Hunger
 Tukima's Dance           Hex            #.......     97%         3    ####...


Dungeon Overview and Level Annotations

Branches:
Dungeon (2/15)

Altars:


Innate Abilities, Weirdness & Mutations

You are partially covered in sharp spines.


Message History

You hit the worm.
The worm is moderately wounded.
You hit the worm but do no damage.
The worm is moderately wounded.
The worm bites you.
* * * LOW HITPOINT WARNING * * *
You hit the worm.
The worm is heavily wounded.
You hit the worm but do no damage.
The worm is heavily wounded.
The worm bites you but does no damage.
You hit the worm.
The worm is heavily wounded.
The worm is struck by your spines. The worm bites you but does no damage.
You hit the worm.
The worm is severely wounded.
You hit the worm.
The worm is severely wounded.
The worm bites you!
You die...

#. )... #.
... . #.#
... . ..
.. #.#.#
...##
#w..#####
##@.......
#......#>.
#..??..#
#.....?#..
#.........
#......#..
###### ###
#......# .
...... #.#
#......#
...... #.#
#..<...#


You could see a worm.

Vanquished Creatures
  An adder (D:2)
  A dart slug (D:1)
  An orc (D:2)
  8 bats
  2 giant cockroaches (D:1)
  2 hobgoblins
  4 jackals (D:1)
  A frilled lizard (D:1)
  4 kobolds
  6 rats
30 creatures vanquished.

Notes
Turn   | Place    | Note
-------+----------+-------------------------------------------
     0 | D:1      | Descartes the Demonspawn Wanderer began the quest for the
                  | Orb.
     0 | D:1      | Descartes set off with the following items: a +0 dagger, a
                  | scroll of teleportation, a +2 scale mail, a ration; and the
                  | following spell memorised: Corona; and the following spells
                  | available to memorise: Tukima's Dance
     0 | D:1      | Reached XP level 1. HP: 15/15 MP: 3/3
   375 | D:1      | Gained mutation: You are partially covered in sharp spines.
                  | [demonic ancestry]
   375 | D:1      | Reached XP level 2. HP: 17/21 MP: 5/5
   730 | D:1      | Reached skill level 4 in Armour
  1350 | D:2      | Reached XP level 3. HP: 26/27 MP: 6/6
  1484 | D:2      | Slain by a worm

Levels and vault maps discovered:
D:1:      dpeg_arrival_water_temple_mockup, layout_basic
D:2:      wad_river_or_something, layout_rooms

Skill      XL: |  1  2 |
---------------+-------+-----
Armour         | 4 |  4.2
Fighting       | 2 |  2.4
Throwing       | |  1.0
Dodging        | |  0.1
Stealth        | |  1.0
Spellcasting   | |  2.0
Conjurations   | |  1.0

Action                   || total
-------------------------++-------
Melee: Dagger            ||   126
  Use: Scroll            ||     4
  Eat: Chunk             ||     2
Armor: Scale mail        ||    73
Dodge: Dodged            ||    55
